 Dungeon Crawl Stone Soup version 0.22-a0-305-gd21a89c (webtiles) character file.

72 mortelune the Grave Robber (level 4, -2/36 HPs)
             Began as a Deep Dwarf Necromancer on Mar 31, 2018.
             Killed from afar by an orc wizard (5 damage)
             ... with a puff of flame
             ... on level 2 of the Dungeon.
             The game lasted 00:06:23 (1853 turns).

mortelune the Grave Robber (Deep Dwarf Necromancer) Turns: 1853, Time: 00:06:23

Health: -2/36      AC:  2    Str: 12    XL:     4   Next: 6%
Magic:  3/6        EV: 13    Int: 16    God:
Gold:   34         SH:  0    Dex: 13    Spells: 2/7 levels left

rFire    . . .     SeeInvis .   e - +0 mace
rCold    . . .     Gourm    .   (no shield)
rNeg     . . .     Faith    .   a - +0 robe
rPois    .         Spirit   .   (no helmet)
rElec    .         Reflect  .   (no cloak)
rCorr    .         Harm     .   (no gloves)
MR       .....                  (no boots)
Stlth    ++........             (no amulet)
HPRegen  0.00/turn              (no ring)
MPRegen  0.10/turn              (no ring)

@: non-regenerating
A: damage resistance, heal wounds, sense surroundings 1, no regeneration
a: Heal Wounds


You were on level 2 of the Dungeon.
You were not hungry.

You visited 1 branch of the dungeon, and saw 3 of its levels.

You collected 34 gold pieces.

Inventory:

Hand Weapons
 b - a +0 dagger
 e - a +0 mace (weapon)
Armour
 a - a +0 robe (worn)
Scrolls
 f - a scroll of remove curse
 k - a scroll of magic mapping {unknown}
Potions
 g - a potion of mutation {unknown}
 h - a potion of agility {unknown}
 j - a potion of curing {unknown}
Comestibles
 c - 7 rations
 l - 2 chunks of flesh


   Skills:
 + Level 3.1 Dodging
 - Level 3.0 Stealth
 + Level 2.4 Spellcasting
 + Level 5.0 Necromancy


You had 2 spell levels left.
You knew the following spells:

 Your Spells              Type           Power        Failure   Level  Hunger
a - Pain                  Necr           ###.         2%          1    #......
b - Animate Skeleton      Necr           N/A          2%          1    #......
c - Vampiric Draining     Necr           ###.......   8%          3    ###....


Dungeon Overview and Level Annotations

Branches:
Dungeon (3/15)

Altars:
Ru

Annotations:
D:2 Robin


Innate Abilities, Weirdness & Mutations

You are resistant to damage.
You can heal yourself by infusing magical energy.
You passively map a small area around you.
You do not regenerate.


Message History

The orc wizard casts a spell at you. The puff of frost hits you!
* * * LOW HITPOINT WARNING * * *
Robin throws the goblin at you! The goblin closely misses you.
You barely miss the goblin. The hobgoblin hits you.
Robin throws the goblin at you! The goblin closely misses you.
The goblin completely misses you. The goblin barely misses you.
The goblin hits you with a dagger.
* * * LOW HITPOINT WARNING * * *
The hobgoblin closely misses you. The goblin closely misses you.
You fail to use your ability.
The goblin hits you with a dagger.
* * * LOW HITPOINT WARNING * * *
The goblin hits you but does no damage. The goblin barely misses you.
The orc wizard closely misses you. The hobgoblin barely misses you.
Robin throws the goblin at you! The goblin barely misses you.
You fail to use your ability.
The goblin completely misses you. The goblin closely misses you.
The orc wizard casts a spell at you. The puff of flame hits you!
You die...

#.####......#.........# ,
, ..
..#####...#....#...## .
*#.#..........#...### * ,
#.#..........###.#
#............# ..
##...........# ## . ,*
###..........#####.# *
#...........ogg(...# ,
##.#.....o.gg.@g....# *
##....#.....ggggg....# **
##............>.g.....#
.gg.##.#................
g.#.g..#..............#.
#####'.#................,
* .#.##..>...........8 *
,s.#.###...........#.. ,
.. #.. ##.##.####...,


You could see Robin, 2 orc wizards, 3 hobgoblins and 7 goblins.

Vanquished Creatures
  2 adders
  An ooze (D:1)
  4 orcs (D:3)
  A ball python (D:1)
  3 giant cockroaches
  8 hobgoblins
  2 jackals (D:1)
  3 kobolds
  8 bats
  2 frilled lizards
  5 goblins
  6 rats
45 creatures vanquished.

Notes
Turn   | Place    | Note
-------+----------+-------------------------------------------
     0 | D:1      | mortelune the Deep Dwarf Necromancer began the quest for the Orb.
     0 | D:1      | Reached XP level 1. HP: 15/15 MP: 3/3
   246 | D:1      | Learned a level 1 spell: Animate Skeleton
   330 | D:1      | Reached XP level 2. HP: 20/22 MP: 1/5
   982 | D:1      | Reached XP level 3. HP: 26/28 MP: 3/6
  1016 | D:1      | Learned a level 3 spell: Vampiric Draining
  1607 | D:2      | Noticed Robin
  1615 | D:2      | Found a sacrificial altar of Ru.
  1729 | D:3      | Reached skill level 5 in Necromancy
  1729 | D:3      | Reached XP level 4. HP: 32/36 MP: 0/7
  1853 | D:2      | Killed from afar by an orc wizard

Vault maps used:
D:1:      minmay_arrival_semitransparent
D:2:      nicolae_ru_great_annihilating_truth, minmay_misc_feat_pillars,
          uniq_robin

Skill      XL: |  1  2  3 |
---------------+----------+-----
Spellcasting   | 2 |  2.4
Stealth        | 3 |  3.0
Dodging        | 3 |  3.1
Necromancy     | 5 |  5.0

Action                   |  1- 3 |  4- 6 || total
-------------------------+-------+-------++-------
Melee: Dagger            |    20 |       ||    20
       Unarmed           |     1 |       ||     1
       Mace              |    29 |     2 ||    31
 Cast: Pain              |    65 |     7 ||    72
       Animate Skeleton  |     6 |     1 ||     7
       Vampiric Draining |     6 |       ||     6
 Abil: Heal Wounds       |       |     1 ||     1
  Use: Scroll            |       |     3 ||     3
  Eat: Chunk             |     4 |     1 ||     5
Armor: Robe              |    23 |     7 ||    30
Dodge: Dodged            |    79 |    28 ||   107

Table legend:
 A = Spawn XP
 B = Non-spawn XP
 C = Spawn XP percentage of total XP
 D = Spawn monster count
 E = Non-spawn monster count
 F = Spawn count percentage of total count
 G = Total turns spent on level
                    A         B        C        D         E        F      G
               +---------+---------+-------+---------+---------+-------+---------
         Total |       0 |     103 |   0.0 |       0 |      45 |   0.0 |  1853
               +---------+---------+-------+---------+---------+-------+---------
           D:1 |       0 |      52 |   0.0 |       0 |      30 |   0.0 |  1366
           D:2 |       0 |      15 |   0.0 |       0 |       3 |   0.0 |   269
           D:3 |       0 |      36 |   0.0 |       0 |      12 |   0.0 |   218
               +---------+---------+-------+---------+---------+-------+---------
